 Dungeon Crawl Stone Soup version 0.27.1-16-g815e20cd7a (webtiles) character file.

Game seed: 17456233570158727797

28 zeram the Sneak (level 2, 0/22 HPs)
             Began as a Demonspawn Brigand on Nov 21, 2021.
             Succumbed to an adder's poison
             ... on level 2 of the Dungeon.
             The game lasted 00:01:44 (1354 turns).

zeram the Sneak (Demonspawn Brigand)                Turns: 1354, Time: 00:01:44

Health: 0/22       AC:  3    Str: 11    XL:     2   Next: 96%
Magic:  2/2        EV: 12    Int: 12    God:
Gold:   42         SH:  0    Dex: 14    Spells: 1/1 levels left

rFire    . . .     SeeInvis .   a - +2 dagger
rCold    . . .     Faith    .   (no shield)
rNeg     . . .     Spirit   .   b - +0 robe
rPois    .         Reflect  .   (no helmet)
rElec    .         Harm     .   c - +0 cloak
rCorr    .         Rampage  .   (no gloves)
Will     .....                  (no boots)
Stlth    ++........             (no amulet)
HPRegen  0.07/turn              (no ring)
MPRegen  0.08/turn              (no ring)

@: lethally poisoned (0 -> -2), attractive
A: talons 1
a: no special abilities


You were on level 2 of the Dungeon.
You visited 1 branch of the dungeon, and saw 2 of its levels.

You collected 42 gold pieces.

Inventory:

Hand Weapons
 a - a +2 dagger (weapon)
Missiles
 d - 6 poisoned darts (quivered)
 e - 2 curare-tipped darts
Armour
 b - a +0 robe (worn)
 c - a +0 cloak (worn)
Scrolls
 f - a scroll of identify {unknown}
 g - a scroll of magic mapping {unknown}
 h - a scroll of amnesia {unknown}
Potions
 i - a potion of magic


   Skills:
 - Level 2.0 Fighting
 - Level 1.7 Short Blades
 - Level 1.7 Throwing
 + Level 2.7 Dodging
 - Level 3.6 Stealth


You had one spell level left.
You didn't know any spells.
Your spell library contained the following spells:

 Spells                   Type           Power      Damage    Failure   Level
 Corona                   Hex            0%         N/A       32%         1
 Ensorcelled Hibernation  Hex/Ice        0%         N/A       45%         2
 Tukima's Dance           Hex            0%         N/A       69%         3


Dungeon Overview and Level Annotations

Branches:
Dungeon (2/15)

Altars:


Innate Abilities, Weirdness & Mutations

You have sharp toenails.


Message History

The worm bites you!
You are too injured to fight recklessly!
You are too injured to fight recklessly!
Unknown command.
Throw: 8 darts (poison)
Press: ? - help, Q - select action, (/) - cycle Shift-Dir - straight line, f - worm
Aim: a worm (lightly wounded, 78% to hit)
You throw a poisoned dart. The poisoned dart hits the worm.
The worm is poisoned.
The worm is lightly wounded.
Throw: 7 darts (poison)
Press: ? - help, Q - select action, (/) - cycle Shift-Dir - straight line, f/p - worm
Aim: a worm (lightly wounded, poisoned, 78% to hit)
You throw a poisoned dart. The poisoned dart hits the adder.
The adder is poisoned.
You miss the adder. Your kick misses the adder.
The adder is lightly wounded.
The adder bites you.
You are lethally poisoned!
The adder poisons you!
It was a potion of magic.
Magic courses through your body.
* * * LOW HITPOINT WARNING * * *
You feel sick.
The worm looks more healthy.
The adder closely misses you. The adder barely misses you.
It was a potion of attraction.
You feel attractive to monsters.
* * * LOW HITPOINT WARNING * * *
You feel sick. The adder misses you.
You hit the adder.
The adder is severely wounded.
* * * LOW HITPOINT WARNING * * *
You feel sick. The adder barely misses you.
You barely miss the adder. Your kick misses the adder.
The adder is severely wounded.
* * * LOW HITPOINT WARNING * * *
You feel sick. The adder bites you.
* * * LOW HITPOINT WARNING * * *
You barely miss the adder.
The adder is almost dead.
You die...

#### ..# #
#)########### #.
#.##........## .#
#..)...<......
#...#####.##.######...
#............#
...#.###.#### #. #@#
#.# ##.##S# #.#
##...#w# #.#
##.....(###.#
#....)....$.#
#.[........##
#.......#...#
##.............
##...###...###


You could see a worm and an adder (poisoned).

Vanquished Creatures
  A dart slug (D:1)
  3 bats (D:1)
  2 endoplasms (D:1)
  3 goblins
  A hobgoblin (D:1)
  4 jackals (D:1)
  7 kobolds
  A frilled lizard (D:1)
  A rat (D:1)
23 creatures vanquished.

Notes
Turn   | Place    | Note
-------+----------+-------------------------------------------
     0 | D:1      | zeram the Demonspawn Brigand began the quest for the Orb.
     0 | D:1      | Reached XP level 1. HP: 16/16 MP: 1/1
   119 | D:1      | Reached skill level 1 in Dodging
   149 | D:1      | Gained mutation: You have sharp toenails. [demonic
                  | ancestry]
   149 | D:1      | Reached XP level 2. HP: 15/22 MP: 2/2
  1353 | D:2      | HP: 1/22 [adder (1)]
  1354 | D:2      | Succumbed to an adder's poison

Illustrated notes

Levels and vault maps discovered:
D:1:      minmay_arrival_split_and_join, layout_loops_ring,
          minmay_misc_feat_more_columns, minmay_misc_feat_roman,
          hangedman_decor_points
D:2:      layout_loops_ring, basic_altar

Skill      XL: |  1  2 |
---------------+-------+-----
Dodging        | 1 2 |  2.7
Fighting       | |  2.0
Short Blades   | |  1.7
Throwing       | |  1.7
Stealth        | |  3.6

Action                   || total
-------------------------++-------
Melee: Dagger            ||    85
       Kick              ||     9
Throw: Dart              ||     2
  Use: Potion            ||     2
 Stab: Sleeping          ||     3
Armor: Robe              ||    23
Dodge: Dodged            ||    53
